 Dungeon Crawl Stone Soup version 0.27-a0-1188-g73eefd5def (webtiles) character file.

Game seed: 12168378944708490677

49 Harga the Sneak (level 3, 0/18 HPs)
             Began as a Vine Stalker Wanderer on May 22, 2021.
             Slain by a goblin
             ... wielding a +0 dagger
             ... led by Robin
              (1 damage)
             ... on level 1 of the Dungeon.
             The game lasted 00:09:47 (1372 turns).

Harga the Sneak (Vine Stalker Wanderer)             Turns: 1372, Time: 00:09:48

Health: 0/18       AC:  5    Str: 13    XL:     3   Next: 75%
Magic:  0/4        EV: 10    Int: 15    God:
Gold:   60         SH:  0    Dex: 12    Spells: 2/2 levels left

rFire    . . .     SeeInvis .   a - +2 spear
rCold    . . .     Faith    .   (no shield)
rNeg     . . .     Spirit   +   h - +0 ring mail
rPois    .         Reflect  .   (no helmet)
rElec    .         Harm     .   (no cloak)
rCorr    +         Rampage  .   (no gloves)
Will     .....                  (no boots)
Stlth    +.........             (no amulet)
HPRegen  0.06/turn              i - ring of resist corrosion
MPRegen  0.09/turn              (no ring)

@: no status effects
A: fangs 2, magic shield, antimagic bite, no potion heal 2
a: no special abilities


You were on level 1 of the Dungeon.
You visited 1 branch of the dungeon, and saw 2 of its levels.

You collected 60 gold pieces.

Inventory:

Hand Weapons
 a - a +2 spear (weapon)
 e - a +0 dagger
Armour
 h - a +0 ring mail (worn)
Jewellery
 d - a ring of protection from fire
 i - a ring of resist corrosion (left hand)
Scrolls
 c - a scroll of teleportation
 f - a scroll of blinking {unknown}
 g - a scroll of noise {unknown}
Potions
 b - a potion of lignification
 j - a potion of brilliance {unknown}
 l - a potion of resistance


   Skills:
 + Level 2.2 Fighting
 - Level 1.0(1.7) Axes
 + Level 2.2(2.4) Polearms
 + Level 2.0 Armour
 - Level 3.0 Stealth
 + Level 1.6 Shields


You had 2 spell levels left.
You didn't know any spells.
Your spell library was empty.

Dungeon Overview and Level Annotations

Branches:
Dungeon (2/15)

Altars:

Annotations:
D:2 Robin, Sigmund


Innate Abilities, Weirdness & Mutations

You have extremely sharp teeth.
When hurt, damage is shared between your health and your magic reserves.
Your bite disrupts and absorbs the magic of your enemies.
Potions cannot restore your health.


Message History

Things that are here:
a +0 short sword; 20 stones; a kobold corpse You see here a +0 hunting sling.
There is a stone staircase leading up here.
You can't go down here!
You climb upwards.
There is a stone staircase leading down here.
You start to feel less resistant.
Your resistance to elements expires.
You start resting.
HP restored.
There is a stone staircase leading down here.
You can't go up here!
You climb downwards.
Level annotation: Sigmund 9 goblins, 2 hobgoblins and Robin come into view.
Robin is wielding a +0 trident and carrying a wand of flame (12).
Robin shouts!
The hobgoblin shouts! x2; The goblin shouts! x5
The hobgoblin closely misses you. The goblin hits you with a +0 dagger.
The hobgoblin hits you. The goblin closely misses you.
The goblin hits you but does no damage. Robin barely misses you.
The hobgoblin closely misses you. The goblin barely misses you.
The goblin hits you but does no damage. The goblin hits you with a +0 dagger.
The hobgoblin hits you but does no damage.
Found 13 gold pieces.
There is a stone staircase leading up here.
The goblin hits you with a +0 dagger. Robin closely misses you.
The goblin hits you with a +0 club. The hobgoblin hits you.
* * * LOW HITPOINT WARNING * * *
The goblin hits you with a +0 dagger.
* * * LOW HITPOINT WARNING * * *
The hobgoblin closely misses you. The goblin hits you with a +0 dagger.
* * * LOW HITPOINT WARNING * * *
You climb upwards.
There is a stone staircase leading down here.
You closely miss the goblin. You bite the goblin. You drain its power.
You feel invigorated.
The goblin is heavily wounded.
The goblin hits you with a +0 dagger.
You die...

...(..#...###...####.........#
......#......................#
#####......########..........#
....#..###.##................#
.#..#..###.##.#####)...#######
.####......##....##....#
........########.##....#
######.......###g##....######
...............g@g.#........#
.#.###.......##ggg.#........#
.#..##.......##.............#
.............##......##########
........########.#............#
#.......#####.................#
............#.................#
.......####.#.........#########
.......# #.##......######


You could see 2 hobgoblins and 4 goblins.

Vanquished Creatures
  An adder (D:2)
  5 ball pythons
  2 endoplasms (D:1)
  A giant cockroach (D:1)
  3 goblins (D:1)
  6 hobgoblins
  4 jackals (D:1)
  4 kobolds
  5 bats
  A frilled lizard (D:1)
  2 rats (D:1)
34 creatures vanquished.

Notes
Turn   | Place    | Note
-------+----------+-------------------------------------------
     0 | D:1      | Harga the Vine Stalker Wanderer began the quest for the
                  | Orb.
     0 | D:1      | Harga set off with the following items: a +2 spear, a
                  | potion of lignification, a scroll of teleportation, a +0
                  | robe, a +0 dagger
     0 | D:1      | Reached XP level 1. HP: 11/11 MP: 2/2
   417 | D:1      | Reached XP level 2. HP: 10/15 MP: 1/3
   684 | D:1      | Reached XP level 3. HP: 18/18 MP: 4/4
   797 | D:1      | Reached skill level 3 in Stealth
  1272 | D:2      | Noticed Sigmund
  1369 | D:2      | Noticed Robin
  1372 | D:1      | Slain by a goblin

Illustrated notes

Levels and vault maps discovered:
D:1:      kilobyte_arrival_exit_the_forest, layout_basic, minmay_tromino_v7
D:2:      layout_rooms, basic_altar, serial_shops, shop,
          shapermc_ecumenical_altar_mp_highgroup, uniq_robin, uniq_sigmund

Skill      XL: |  1  2  3 |
---------------+----------+-----
Polearms       | 2 |  2.2
Fighting       | 2 |  2.2
Stealth        | 3 |  3.0
Armour         | 2 |  2.0
Axes           | |  1.0
Shields        | |  1.6

Action                   || total
-------------------------++-------
Melee: Spear             ||    89
       Bite              ||    10
  Use: Potion            ||     1
 Stab: Sleeping          ||     7
Armor: Robe              ||     5
       Ring mail         ||    10
Dodge: Dodged            ||    33

Table legend: (Time is in decaauts)
 A = Elapsed time spent in this place.
 B = Non-inter-level travel time spent in this place.
 C = Inter-level travel time spent in this place.
 D = Time resting spent in this place.
 E = Time spent auto-exploring this place.
 F = Levels seen in this place.
 G = Mean time per level.
                   A        B        C        D        E       F      G
               +--------+--------+--------+--------+--------+-----+--------+
         Total |   1378 |   1378 |      0 |    318 |    566 |   2 |  689.0 |
       Dungeon |   1378 |   1378 |      0 |    318 |    566 |   2 |  689.0 |
               +--------+--------+--------+--------+--------+-----+--------+

Top non-repeatable levels by time:
     D:1: 1240 daAuts
     D:2: 137 daAuts
